 Dungeon Crawl Stone Soup version 0.27.1 (webtiles) character file.

Game seed: 14175393382842021008

14 H0rd4k the Caller (level 2, 0/19 HPs)
             Began as a Barachi Summoner on Aug 23, 2021.
             Slain by Sigmund (4 damage)
             ... on level 2 of the Dungeon.
             The game lasted 00:01:12 (1319 turns).

H0rd4k the Caller (Barachi Summoner)                Turns: 1319, Time: 00:01:13

Health: 0/19       AC:  2    Str:  9    XL:     2   Next: 41%
Magic:  5/5        EV: 12    Int: 21    God:
Gold:   19         SH:  0    Dex: 12    Spells: 5/6 levels left

rFire    . . .     SeeInvis .   (no weapon)
rCold    . . .     Faith    .   (no shield)
rNeg     . . .     Spirit   .   a - +0 robe
rPois    .         Reflect  .   (no helmet)
rElec    .         Harm     .   (no cloak)
rCorr    .         Rampage  .   (no gloves)
Will     .....                  (no boots)
Stlth    +.........             (no amulet)
HPRegen  0.06/turn              c - +6 ring of intelligence
MPRegen  0.09/turn              (no ring)

@: confused, unable to hop, slow
A: amphibious, slowness 1, strong legs 1, +LOS
a: Hop


You were on level 2 of the Dungeon.
You visited 1 branch of the dungeon, and saw 2 of its levels.

You collected 19 gold pieces.

Inventory:

Armour
 a - a +0 robe (worn)
Jewellery
 c - a +6 ring of intelligence (left hand)
Scrolls
 d - a scroll of teleportation {unknown}
Potions
 b - a potion of curing {unknown}


   Skills:
 + Level 2.4 Dodging
 + Level 1.8 Stealth
 + Level 0.2 Unarmed Combat
 + Level 2.5 Spellcasting
 + Level 5.1 Summonings


You had 5 spell levels left.
You knew the following spells:

 Your Spells              Type           Power      Damage    Failure   Level
a - Summon Small Mammal   Summ           96%        N/A       1%          1

Your spell library contained the following spells:

 Spells                   Type           Power      Damage    Failure   Level
 Call Imp                 Summ           24%        N/A       2%          2
 Call Canine Familiar     Summ           24%        N/A       4%          3
 Summon Guardian Golem    Hex/Summ       13%        N/A       14%         3
 Summon Lightning Spire   Summ/Air       13%        N/A       43%         4


Dungeon Overview and Level Annotations

Branches:
Dungeon (1/15)

Altars:

Annotations:
D:2 Sigmund


Innate Abilities, Weirdness & Mutations

You are amphibious.
You cover ground slowly.
You can hop short distances.
You have an extended range of vision and can be seen from far away.


Message History

You're too confused to cast spells.
You bump into the rock wall.
Sigmund barely misses you.
Unknown command.
You are too confused!
Unknown command.
Unknown command.
You're too confused to move!
Sigmund barely misses you. Sigmund barely misses you.
Sigmund closely misses you.
Unknown command.
You bump into the rock wall.
You feel less confused. Sigmund barely misses you.
Hop to where?
Press: ? - help, Dir - move target Boing!
Sigmund gestures at you while chanting.
You are confused.
There is a stone staircase leading up here.
Sigmund closely misses you.
In your confused state, you trip and fall back down the stairs.
Unknown command.
Sigmund hits you from afar with a +2 scythe of flaming.
Sigmund burns you.
In your confused state, you trip and fall back down the stairs.
Sigmund looks at you with fury. Sigmund completely misses you.
Unknown command.
In your confused state, you trip and fall back down the stairs.
You feel less confused. Sigmund casts a spell at you.
You are confused.
Unknown command.
Sigmund hits you from afar with a +2 scythe of flaming.
Sigmund burns you.
* * * LOW HITPOINT WARNING * * *
In your confused state, you trip and fall back down the stairs.
* * * LOW HITPOINT WARNING * * *
Sigmund hits you from afar with a +2 scythe of flaming.
You die...

### ####.# ###
#...#....# #
#..###@#.###.####
# #.##
#.........# #
#..## #@#...## #
#...# #......# #
#.##.# #.#...## #
#.######.##......
# #........#
.##### #
#.######## # #
#.# ########.##
#.........#


You could see Sigmund.

Vanquished Creatures
  A quokka (D:2)
  A bat (D:1)
2 creatures vanquished.

Vanquished Creatures (collateral kills)
  A dart slug (D:1)
  A ball python (D:1)
  3 endoplasms
  3 hobgoblins
  A kobold (D:2)
  A quokka (D:1)
  3 bats
  2 frilled lizards
  A rat (D:1)
16 creatures vanquished.

Vanquished Creatures (others)
  5 toadstools (D:1)
5 creatures vanquished.

Grand Total: 23 creatures vanquished

Notes
Turn   | Place    | Note
-------+----------+-------------------------------------------
     0 | D:1      | H0rd4k the Barachi Summoner began the quest for the Orb.
     0 | D:1      | Reached XP level 1. HP: 13/13 MP: 3/3
   251 | D:1      | Reached skill level 5 in Summonings
   417 | D:1      | Reached XP level 2. HP: 19/19 MP: 0/5
   475 | D:1      | You fall into a shaft and drop 1 floor!
  1302 | D:2      | Noticed Sigmund
  1319 | D:2      | Slain by Sigmund

Illustrated notes

Levels and vault maps discovered:
D:1:      ldierk_walled_garden, layout_basic, ebering_ecumenical_altar_rust,
          minmay_tall_x
D:2:      layout_loops_corners, uniq_sigmund

Skill      XL: |  1 |
---------------+----+-----
Summonings     | 5 |  5.1
Dodging        | |  2.4
Stealth        | |  1.8
Unarmed Combat | |  0.2
Spellcasting   | |  2.5

Action                   || total
-------------------------++-------
Melee: Unarmed           ||    14
 Cast: Summon Small Mamm ||    43
 Abil: Hop               ||     1
Armor: Robe              ||    13
Dodge: Dodged            ||    40
